ACL
ACL OAKLAND ATHLETICS @ ACL TORONTO BLUE JAYS
06/02/2042
 
TOP OF THE 1ST
ACL Oakland Athletics batting - Pitching for ACL Toronto Blue Jays : RHP Robby Flynn
Pitching: RHP Robby Flynn
Batting: LHB Edmund Dunham 0-0: Ball
1-0: Swinging Strike
1-1: Ball
2-1: Ball
3-1: Foul Ball, location: 2F
3-2: Base on Balls
Batting: SHB Chris Bailey 0-0: Ball
Edmund Dunham steals 2nd base
1-0: Swinging Strike
1-1: Ball
2-1: Swinging Strike
2-2: Ball
3-2: Base on Balls
Batting: RHB Jeremy Veeck 0-0: Ball
1-0: Foul Ball, location: 2F
1-1: Ball
2-1: Foul Ball, location: 9LDF
2-2: Fly out, F4 (Popup, 4S, EV 77.5 MPH)
Batting: RHB Joe Hunter 0-0: Ball
1-0: Fly out, F7 (Flyball, 78S, EV 84.4 MPH)
Batting: RHB Ted Cornwell 0-0: DOUBLE (Line Drive, 9LS, EV 110.0 MPH)
Edmund Dunham scores
Chris Bailey to third
Batting: RHB Juan Bautista 0-0: Ball
1-0: Ball
2-0: Called Strike
2-1: Foul Ball, location: 9LMF
2-2: Foul Ball, location: 3F
2-2: Strikes out swinging
Top of the 1st over - 1 run, 1 hit, 0 errors, 2 left on base; ACL Oakland 1 - ACL Toronto 0
BOTTOM OF THE 1ST
ACL Toronto Blue Jays batting - Pitching for ACL Oakland Athletics : LHP Dave Anderson
Pitching: LHP Dave Anderson
Batting: RHB Paço Dinares 0-0: Ball
1-0: Called Strike
1-1: Fly out, F9 (Flyball, 89M, EV 93.8 MPH)
Batting: RHB Jeremy Lawrence 0-0: Ground out 1-3 (Groundball, 15S, EV 73.8 MPH)
Batting: RHB Steve Hall 0-0: Ball
1-0: Called Strike
1-1: Called Strike
1-2: Ball
2-2: Ball
3-2: Base on Balls
Batting: LHB Mike Wilson 0-0: DOUBLE (Flyball, 8LXD, EV 97.5 MPH)
Steve Hall to third
Batting: RHB Max Lowe 0-0: Ball
1-0: 3-RUN HOME RUN (Flyball, 7D, EV 101.9 MPH), Distance : 381 ft
Batting: RHB Arturo Gutiérrez 0-0: Ball
1-0: Called Strike
1-1: Ball
2-1: Ball
3-1: Base on Balls
Batting: RHB Jonah Davis 0-0: Ball
Arturo Gutiérrez steals 2nd base
1-0: Ball
2-0: Ball
3-0: Base on Balls
Batting: RHB Joey Garnett 0-0: Ball
1-0: Ball
2-0: Ball
Wild Pitch!
Arturo Gutiérrez to third
Jonah Davis to second
3-0: Called Strike
3-1: Called Strike
3-2: Foul Ball, location: 9LDF
3-2: Ground out 6-3 (Groundball, 56, EV 107.5 MPH)
Bottom of the 1st over - 3 runs, 2 hits, 0 errors, 2 left on base; ACL Oakland 1 - ACL Toronto 3
TOP OF THE 2ND
ACL Oakland Athletics batting - Pitching for ACL Toronto Blue Jays : RHP Robby Flynn
Batting: RHB Norm Goodman 0-0: Called Strike
0-1: Ball
1-1: Ground out 3-1 (Groundball, 34, EV 76.9 MPH)
Batting: LHB Dave Anderson 0-0: Foul Ball, location: 9LSF
0-1: Ball
1-1: Ball
2-1: Ball
3-1: Base on Balls
Batting: RHB Jon Martínez 0-0: Ball
1-0: Ball
2-0: Foul Ball, location: 9LMF
2-1: Foul Ball, location: 23FF
2-2: DOUBLE (Flyball, 78D, EV 111.9 MPH)
Dave Anderson to third
Batting: LHB Edmund Dunham 0-0: Called Strike
0-1: Foul Ball, location: 9LMFF
0-2: Strikes out looking
Batting: SHB Chris Bailey 0-0: Ball
1-0: Ball
2-0: Ball
3-0: Base on Balls
Batting: RHB Jeremy Veeck 0-0: Fielders Choice at 2nd, 6-4 (Groundball, 6, EV 90.6 MPH)
Top of the 2nd over - 0 runs, 1 hit, 0 errors, 3 left on base; ACL Oakland 1 - ACL Toronto 3
BOTTOM OF THE 2ND
ACL Toronto Blue Jays batting - Pitching for ACL Oakland Athletics : LHP Dave Anderson
Batting: RHB Jake Barrón 0-0: Called Strike
0-1: Fly out, F8 (Flyball, 8RM, EV 86.3 MPH)
Batting: RHB Paço Dinares 0-0: Ball
1-0: Swinging Strike
1-1: Ball
2-1: Swinging Strike
2-2: Foul Ball, location: 2F
2-2: Strikes out looking
Batting: RHB Jeremy Lawrence 0-0: Swinging Strike
0-1: Called Strike
0-2: Foul Ball, location: 2F
0-2: Ground out 6-3 (Groundball, 6, EV 102.5 MPH)
Bottom of the 2nd over - 0 runs, 0 hits, 0 errors, 0 left on base; ACL Oakland 1 - ACL Toronto 3
TOP OF THE 3RD
ACL Oakland Athletics batting - Pitching for ACL Toronto Blue Jays : RHP Robby Flynn
Batting: RHB Joe Hunter 0-0: Fly out, F3 (Popup, 3F, EV 63.1 MPH)
Batting: RHB Ted Cornwell 0-0: Fly out, F3 (Line Drive, 34, EV 65.6 MPH)
Batting: RHB Juan Bautista 0-0: Ball
1-0: Ball
2-0: Ball
3-0: Base on Balls
Batting: RHB Norm Goodman 0-0: Foul Ball, location: 3SF
0-1: Called Strike
0-2: Strikes out swinging
Top of the 3rd over - 0 runs, 0 hits, 0 errors, 1 left on base; ACL Oakland 1 - ACL Toronto 3
BOTTOM OF THE 3RD
ACL Toronto Blue Jays batting - Pitching for ACL Oakland Athletics : LHP Dave Anderson
Batting: RHB Steve Hall 0-0: Ball
1-0: Foul Ball, location: 5FF
1-1: Fly out, F7 (Line Drive, 7D, EV 98.1 MPH)
Batting: LHB Mike Wilson 0-0: Ball
1-0: Foul Ball, location: 7LSF
1-1: SOLO HOME RUN (Flyball, 89XD, EV 103.8 MPH), Distance : 396 ft
Batting: RHB Max Lowe 0-0: Ball
1-0: Ball
2-0: Ball
3-0: Base on Balls
Batting: RHB Arturo Gutiérrez 0-0: Called Strike
0-1: SINGLE (Line Drive, 7S, EV 96.9 MPH)
Max Lowe to second
Batting: RHB Jonah Davis 0-0: Foul Ball, location: 2F
0-1: Ball
1-1: Ball
2-1: SINGLE (Flyball, 34D, EV 93.1 MPH)
Max Lowe to third
Arturo Gutiérrez to second
Batting: RHB Joey Garnett 0-0: Ball
1-0: Ball
2-0: Called Strike
2-1: Foul Ball, location: 2F
2-2: Ball
3-2: DOUBLE (Flyball, 78XD, EV 103.1 MPH)
Max Lowe scores
Arturo Gutiérrez scores
Jonah Davis to third
Runner from 3rd tries for Home, SAFE, throw by CF to trailing runner, OUT at third! 8-3-5
Batting: RHB Jake Barrón 0-0: Called Strike
0-1: Ball
1-1: Called Strike
1-2: Ball
2-2: Ball
3-2: Strikes out swinging
Bottom of the 3rd over - 4 runs, 4 hits, 0 errors, 0 left on base; ACL Oakland 1 - ACL Toronto 7
TOP OF THE 4TH
ACL Oakland Athletics batting - Pitching for ACL Toronto Blue Jays : RHP Robby Flynn
Batting: LHB Dave Anderson 0-0: Called Strike
0-1: Called Strike
0-2: Foul Ball, location: 23F
0-2: Foul Ball, location: 3F
0-2: Ground out U3 (Groundball, 34S, EV 82.5 MPH)
Batting: RHB Jon Martínez 0-0: Called Strike
0-1: Ball
1-1: Foul Ball, location: 2F
1-2: Ball
2-2: Ball
3-2: Base on Balls
DELAY Rain delay of 29 minutes in the 4th inning.
Batting: LHB Edmund Dunham 0-0: Called Strike
0-1: Ball
1-1: Swinging Strike
1-2: Strikes out swinging
Batting: SHB Chris Bailey 0-0: DOUBLE (Flyball, 89D, EV 102.5 MPH)
Jon Martínez to third
Runner from 3rd tries for Home, SAFE, throw by RF to home
Batting: RHB Jeremy Veeck 0-0: Swinging Strike
0-1: Ball
1-1: 2-RUN HOME RUN (Flyball, 78XD, EV 108.1 MPH), Distance : 431 ft
Batting: RHB Joe Hunter 0-0: Swinging Strike
0-1: Ball
1-1: Ball
2-1: Foul Ball, location: 3F
2-2: Ground out 5-3 (Groundball, 56, EV 86.9 MPH)
Top of the 4th over - 3 runs, 2 hits, 0 errors, 0 left on base; ACL Oakland 4 - ACL Toronto 7
BOTTOM OF THE 4TH
ACL Toronto Blue Jays batting - Pitching for ACL Oakland Athletics : LHP Dave Anderson
Pitching: RHP Marco Settignano
Batting: RHB Paço Dinares 0-0: Called Strike
0-1: Swinging Strike
0-2: Foul Ball, location: 2F
0-2: Foul Ball, location: 2F
0-2: Ball
1-2: Ground out U3 (Groundball, 3L, EV 85.0 MPH)
Batting: RHB Jeremy Lawrence 0-0: Called Strike
0-1: SOLO HOME RUN (Line Drive, 89XD, EV 109.4 MPH), Distance : 400 ft
Batting: RHB Steve Hall 0-0: Ball
1-0: Ball
2-0: Ball
3-0: Base on Balls
Batting: LHB Mike Wilson 0-0: Ball
Steve Hall steals 2nd base
1-0: 2-RUN HOME RUN (Flyball, 78XD, EV 101.9 MPH), Distance : 428 ft
Batting: RHB Max Lowe 0-0: Ball
1-0: Ground out 1-6-3 (Groundball, 15S, EV 88.8 MPH)
Batting: RHB Arturo Gutiérrez 0-0: Foul Ball, location: 23F
0-1: Swinging Strike
0-2: Ball
1-2: Foul Ball, location: 2F
1-2: SINGLE (Groundball, 56S, EV 67.5 MPH) (infield hit)
Batting: RHB Jonah Davis 0-0: Ball
1-0: Foul Ball, location: 7LMF
1-1: Called Strike
1-2: SINGLE (Line Drive, 9S, EV 103.1 MPH)
Arturo Gutiérrez to second
Batting: RHB Joey Garnett 0-0: Called Strike
0-1: Swinging Strike
0-2: Ball
1-2: Foul Ball, location: 2F
1-2: DOUBLE (Line Drive, 8LXD, EV 110.0 MPH)
Arturo Gutiérrez scores
Jonah Davis to third
Runner from 3rd tries for Home, throw by CF and OUT! 8-6-2
Bottom of the 4th over - 4 runs, 5 hits, 0 errors, 1 left on base; ACL Oakland 4 - ACL Toronto 11
TOP OF THE 5TH
ACL Oakland Athletics batting - Pitching for ACL Toronto Blue Jays : RHP Robby Flynn
Batting: RHB Ted Cornwell 0-0: Swinging Strike
0-1: Swinging Strike
0-2: Ball
1-2: Foul Ball, location: 9LSF
1-2: Strikes out swinging
Batting: RHB Juan Bautista 0-0: Ball
1-0: Ball
2-0: Foul Ball, location: 2RF
2-1: Ball
3-1: Base on Balls
Batting: RHB Norm Goodman 0-0: Swinging Strike
0-1: Called Strike
0-2: Ball
1-2: Strikes out looking
Pitching: RHP Tomás Salinas
Batting: LHB Dave Anderson 0-0: Ball
1-0: Ball
2-0: Foul Ball, location: 3F
2-1: Ball
3-1: Called Strike
3-2: Base on Balls
Juan Bautista to second
Batting: RHB Jon Martínez 0-0: Called Strike
0-1: Ball
1-1: Foul Ball, location: 3F
1-2: Strikes out swinging
Top of the 5th over - 0 runs, 0 hits, 0 errors, 2 left on base; ACL Oakland 4 - ACL Toronto 11
BOTTOM OF THE 5TH
ACL Toronto Blue Jays batting - Pitching for ACL Oakland Athletics : RHP Marco Settignano
Batting: RHB Jake Barrón 0-0: Fly out, F7 (Line Drive, 7, EV 97.5 MPH)
Batting: RHB Paço Dinares 0-0: Foul Ball, location: 5FF
0-1: Foul Ball, location: 2F
0-2: Strikes out swinging
Batting: RHB Jeremy Lawrence 0-0: Called Strike
0-1: Swinging Strike
0-2: Foul Ball, location: 2F
0-2: Ball
1-2: Ball
2-2: Strikes out swinging
Bottom of the 5th over - 0 runs, 0 hits, 0 errors, 0 left on base; ACL Oakland 4 - ACL Toronto 11
TOP OF THE 6TH
ACL Oakland Athletics batting - Pitching for ACL Toronto Blue Jays : RHP Tomás Salinas
Batting: LHB Edmund Dunham 0-0: Swinging Strike
0-1: Foul Ball, location: 2F
0-2: Ball
1-2: Foul Ball, location: 23F
1-2: Strikes out swinging
Batting: SHB Chris Bailey 0-0: Called Strike
0-1: Ball
1-1: Called Strike
1-2: Ground out U3 (Groundball, 3S, EV 88.1 MPH)
Batting: RHB Jeremy Veeck 0-0: Ball
1-0: Ball
2-0: Foul Ball, location: 2F
2-1: Fly out, F7 (Flyball, 7LS, EV 90.0 MPH)
Top of the 6th over - 0 runs, 0 hits, 0 errors, 0 left on base; ACL Oakland 4 - ACL Toronto 11
BOTTOM OF THE 6TH
ACL Toronto Blue Jays batting - Pitching for ACL Oakland Athletics : RHP Marco Settignano
Batting: RHB Steve Hall 0-0: Ball
1-0: Swinging Strike
1-1: Ball
2-1: Ball
3-1: Foul Ball, location: 23F
3-2: Base on Balls
Pitching: RHP Juan López
Batting: LHB Mike Wilson 0-0: Ball
1-0: Swinging Strike
1-1: Ball
2-1: Foul Ball, location: 5SF
2-2: Foul Ball, location: 2F
2-2: Foul Ball, location: 2F
2-2: Foul Ball, location: 7LDF
2-2: Ball
3-2: Foul Ball, location: 9LMF
3-2: Foul Ball, location: 3F
3-2: Foul Ball, location: 2F
3-2: Foul Ball, location: 23FF
3-2: Foul Ball, location: 9LMF
3-2: Base on Balls
Steve Hall to second
Batting: RHB Max Lowe 0-0: Called Strike
0-1: Fly out, F9 (Flyball, 9, EV 72.5 MPH)
Batting: RHB Arturo Gutiérrez 0-0: Called Strike
0-1: Ball
1-1: Swinging Strike
1-2: Strikes out swinging
Batting: RHB Jonah Davis 0-0: Ball
1-0: Foul Ball, location: 3FF
1-1: Called Strike
1-2: Ball
2-2: Ball
3-2: Strikes out swinging
Bottom of the 6th over - 0 runs, 0 hits, 0 errors, 2 left on base; ACL Oakland 4 - ACL Toronto 11
TOP OF THE 7TH
ACL Oakland Athletics batting - Pitching for ACL Toronto Blue Jays : RHP Tomás Salinas
Batting: RHB Joe Hunter 0-0: Ball
1-0: Called Strike
1-1: Foul Ball, location: 23F
1-2: Foul Ball, location: 3SF
1-2: Strikes out swinging, 2-3 out at first.
Batting: RHB Ted Cornwell 0-0: Ball
1-0: Ball
2-0: Ball
3-0: Fly out, F9 (Flyball, 9D, EV 88.8 MPH)
Batting: RHB Juan Bautista 0-0: Ball
1-0: SINGLE (Groundball, 6D, EV 95.0 MPH)
Batting: RHB Norm Goodman 0-0: Ball
1-0: Ball
2-0: Ball
3-0: Called Strike
3-1: Foul Ball, location: 2F
3-2: Strikes out swinging
Top of the 7th over - 0 runs, 1 hit, 0 errors, 1 left on base; ACL Oakland 4 - ACL Toronto 11
BOTTOM OF THE 7TH
ACL Toronto Blue Jays batting - Pitching for ACL Oakland Athletics : RHP Juan López
Batting: RHB Joey Garnett 0-0: Ball
1-0: Ball
2-0: Ball
3-0: Base on Balls
Pitching: RHP Jesús Reynoso
Batting: RHB Jake Barrón 0-0: Ball
1-0: Fly out, F7 (Flyball, 78M, EV 100.6 MPH)
Batting: RHB Paço Dinares 0-0: Ball
1-0: Foul Ball, location: 3SF
1-1: SINGLE (Groundball, 34, EV 103.8 MPH)
Joey Garnett to second
Batting: RHB Jeremy Lawrence 0-0: Ball
1-0: Foul Ball, location: 2RF
1-1: Foul Ball, location: 2F
1-2: SINGLE (Groundball, 6MD, EV 105.0 MPH)
Joey Garnett to third
Paço Dinares to second
Runner from 3rd tries for Home, SAFE, throw by CF to home
Batting: RHB Steve Hall 0-0: Foul Ball, location: 2F
0-1: Foul Ball, location: 9LMF
0-2: Foul Ball, location: 5F
0-2: Strikes out swinging
Batting: LHB Mike Wilson 0-0: Ball
1-0: Ball
2-0: Ball
3-0: Called Strike
3-1: Foul Ball, location: 5SF
3-2: Foul Ball, location: 2F
3-2: Base on Balls
Paço Dinares to third
Jeremy Lawrence to second
Batting: RHB Max Lowe 0-0: Ball
1-0: Foul Ball, location: 23FF
1-1: Ball
2-1: Ball
3-1: Swinging Strike
3-2: Foul Ball, location: 2F
3-2: Base on Balls
Paço Dinares scores
Jeremy Lawrence to third
Mike Wilson to second
Batting: RHB Arturo Gutiérrez 0-0: Fielders Choice at 2nd, 6-4 (Groundball, 6, EV 81.3 MPH)
Bottom of the 7th over - 2 runs, 2 hits, 0 errors, 3 left on base; ACL Oakland 4 - ACL Toronto 13
TOP OF THE 8TH
ACL Oakland Athletics batting - Pitching for ACL Toronto Blue Jays : RHP Tomás Salinas
Batting: LHB Dave Anderson 0-0: Ball
1-0: Ball
2-0: Foul Ball, location: 25F
2-1: Swinging Strike
2-2: Strikes out swinging
Batting: RHB Jon Martínez 0-0: Ground out 6-3 (Groundball, 6, EV 105.6 MPH)
Batting: LHB Edmund Dunham 0-0: Ball
1-0: Called Strike
1-1: Ball
2-1: Foul Ball, location: 2F
2-2: Foul Ball, location: 7LDF
2-2: Strikes out swinging
Top of the 8th over - 0 runs, 0 hits, 0 errors, 0 left on base; ACL Oakland 4 - ACL Toronto 13
BOTTOM OF THE 8TH
ACL Toronto Blue Jays batting - Pitching for ACL Oakland Athletics : RHP Jesús Reynoso
Batting: RHB Jonah Davis 0-0: Ball
1-0: Ball
2-0: Called Strike
2-1: Called Strike
2-2: Strikes out swinging
Batting: RHB Joey Garnett 0-0: Ball
1-0: Called Strike
1-1: Foul Ball, location: 9LSF
1-2: Ball
2-2: Ground out 6-3 (Groundball, 6, EV 111.9 MPH)
Batting: RHB Jake Barrón 0-0: Foul Ball, location: 2F
0-1: Swinging Strike
0-2: Ball
1-2: Foul Ball, location: 7LMF
1-2: Strikes out swinging
Bottom of the 8th over - 0 runs, 0 hits, 0 errors, 0 left on base; ACL Oakland 4 - ACL Toronto 13
TOP OF THE 9TH
ACL Oakland Athletics batting - Pitching for ACL Toronto Blue Jays : RHP Tomás Salinas
Batting: SHB Chris Bailey 0-0: Called Strike
0-1: Swinging Strike
0-2: Ball
1-2: DOUBLE (Line Drive, 89D, EV 103.1 MPH)
Pitching: RHP Manny Concepción
Batting: RHB Jeremy Veeck 0-0: Ball
1-0: Ball
2-0: Ball
3-0: Base on Balls
Pinch Hitting: RHB Joaquín Machado 0-0: Fly out, F8 (Flyball, 78S, EV 77.5 MPH)
Batting: RHB Ted Cornwell 0-0: Called Strike
0-1: Ball
1-1: Called Strike
1-2: Strikes out looking
Batting: RHB Juan Bautista 0-0: Swinging Strike
0-1: Ball
1-1: Foul Ball, location: 2F
1-2: Ball
2-2: Strikes out swinging
Top of the 9th over - 0 runs, 1 hit, 0 errors, 2 left on base; ACL Oakland 4 - ACL Toronto 13
Wednesday, May 1st , 2024 - OOTP Baseball 24.10 Build 82